 Dungeon Crawl Stone Soup version 0.31-a0-981-geadf994542 (webtiles) character file.

Game seed: 832534258380644616

12982 lessens the Nimble (level 12, 0/94 HPs)
             Began as a Gnoll Gladiator on Oct 31, 2023.
             Was a High Priest of Trog.
             Slain by a brown ugly thing (5 damage)
             ... on level 11 of the Dungeon.
             The game lasted 00:16:06 (11880 turns).

lessens the Nimble (Gnoll Gladiator)               Turns: 11880, Time: 00:16:07

Health: 0/94       AC: 11    Str: 17    XL:     12   Next: 1%
Magic:  22/22      EV: 15    Int:  6    God:    Trog [*****.]
Gold:   676        SH: 11    Dex: 18    Spells: 24/24 levels left

rFire   + . .        Q - +2 war axe (heavy)
rCold   . . .        w - +0 kite shield
rNeg    . . .        R - +6 ring mail of Infinity {rElec rCorr Int-3 Dex+4}
rPois   .            c - +0 helmet
rElec   +            (no cloak)
rCorr   +            (no gloves)
SInv    .            O - +0 pair of boots
Will    .....        s - amulet of faith
Stlth   +++          p - ring of protection from fire
HPRegen 0.35/turn    (no ring)
MPRegen 0.18/turn

%: faith
@: corroded, studying 2 skills
A: fangs 1, strong nose, distributed training
a: Renounce Religion, Berserk, Trog's Hand, Brothers in Arms


You were on level 11 of the Dungeon.
You worshipped Trog.
Trog was extremely pleased with you.
You visited 1 branch of the dungeon, and saw 11 of its levels.

You collected 676 gold pieces.

Inventory:

Hand Weapons
 a - a +0 war axe
 u - a +1 mace of holy wrath
 Q - a +2 heavy war axe (weapon)
Missiles
 f - 3 silver javelins
 h - 147 stones
 q - 43 poisoned darts (quivered)
 r - 8 boomerangs
 t - a javelin
 P - 2 throwing nets
 Y - a curare-tipped dart
Armour
 c - a +0 helmet (worn)
 e - a +1 robe of fire resistance
 v - a +0 scale mail
 w - a +0 kite shield (worn)
 z - a +0 ring mail of fire resistance
 O - a +0 pair of boots (worn)
 R - the +6 ring mail of Infinity (worn) {rElec rCorr Int-3 Dex+4}
   (You found it on level 8 of the Dungeon)

   Int-3:     It affects your intelligence (-3).
   Dex+4:     It affects your dexterity (+4).
   rElec:     It insulates you from electricity.
   rCorr:     It protects you from acid and corrosion.
 Z - +0 fire dragon scales
Jewellery
 b - a ring of poison resistance
 o - a ring of flight
 p - a ring of protection from fire (left hand)
 s - an amulet of faith (around neck)
 D - a ring of magical power
 K - an amulet of regeneration
 W - a ring of positive energy
Wands
 G - a wand of iceblast (18)
 M - a wand of polymorph (17)
 T - a wand of flame (9)
Scrolls
 d - a scroll of butterflies {unknown}
 g - 3 scrolls of enchant armour
 i - a scroll of noise {unknown}
 k - a scroll of silence {unknown}
 n - 4 scrolls of immolation
 x - 2 scrolls of enchant weapon {unknown}
 y - 8 scrolls of teleportation
 A - 2 scrolls of amnesia
 C - 3 scrolls of fear
 E - a scroll of fog {unknown}
 I - a scroll of poison {unknown}
 L - a scroll of revelation
 X - 4 scrolls of identify
Potions
 j - a potion of resistance {unknown}
 l - a potion of brilliance {unknown}
 m - a potion of haste {unknown}
 B - 3 potions of heal wounds
 F - a potion of ambrosia {unknown}
 H - 2 potions of enlightenment {unknown}
 J - 2 potions of attraction
 N - 2 potions of mutation
 S - a potion of lignification {unknown}
 U - a potion of curing
 V - a potion of invisibility {unknown}


   Skills:
 + Level 8.4 Fighting
 + Level 6.9 Short Blades
 + Level 6.9 Long Blades
 + Level 9.6 Axes
 + Level 6.9 Maces & Flails
 + Level 9.0 Polearms
 + Level 6.9 Staves
 + Level 6.9 Ranged Weapons
 + Level 8.4 Throwing
 + Level 6.9 Armour
 + Level 9.6 Dodging
 + Level 6.9 Stealth
 + Level 6.9 Shields
 + Level 9.3 Unarmed Combat
 + Level 6.9 Spellcasting
 + Level 5.7 Conjurations
 + Level 5.7 Hexes
 + Level 5.7 Summonings
 + Level 5.7 Necromancy
 + Level 5.7 Translocations
 + Level 5.7 Transmutations
 + Level 5.7 Fire Magic
 + Level 5.7 Ice Magic
 + Level 5.7 Air Magic
 + Level 5.7 Earth Magic
 + Level 5.7 Poison Magic
 + Level 7.6 Invocations
 + Level 6.9 Evocations
 + Level 6.3 Shapeshifting


You had 24 spell levels left.
You didn't know any spells.
Your spell library was empty.

Dungeon Overview and Level Annotations

Branches:
Dungeon (11/15) Zot: 25961  Temple (0/1) D:4            Lair (0/5) D:9
    Orc: D:9-12

Altars:
Gozag
Makhleb
Ru
Trog
Uskayaw
Wu Jian

Shops:
D:4 =   D:10 :


Innate Abilities, Weirdness & Mutations

You have very sharp teeth.
Your uncanny sense of smell can sniff out nearby items.
Your experience applies equally to all skills.


Message History

You hear some strange, mumbled words.
Something tries to affect you, but you resist.
The brown ugly thing completely misses you.
You barely miss something. You slice the brown ugly thing!!
You block something's attack. Something bites you but does no damage.
You block the brown ugly thing's attack.
You closely miss something. Your bite misses something.
You slice the brown ugly thing!! Something barely misses you. x2
You block the brown ugly thing's attack.
You hear some strange, mumbled words.
Something tries to affect you, but you resist.
You block the brown ugly thing's attack.
You miss something. You barely miss the brown ugly thing.
Something completely misses you. Something bites you but does no damage.
The brown ugly thing trunk-slaps you but does no damage.
Something completely misses you. You block something's attack.
You miss something. Your bite misses something. You hit the brown ugly thing.
The brown ugly thing trunk-slaps you. The acid corrodes you!
You are splashed with acid.
You resist. You block something's attack.
Something bites you but does no damage. The brown ugly thing barely misses you.
You slash something! You barely miss the brown ugly thing.
Something draws life force from you! The brown ugly thing trunk-slaps you!
* * * LOW HITPOINT WARNING * * *
You are splashed with acid.
You resist.
* * * LOW HITPOINT WARNING * * *
Something hits you.
* * * LOW HITPOINT WARNING * * *
Something bites you but does no damage. The brown ugly thing trunk-slaps you.
* * * LOW HITPOINT WARNING * * *
You are splashed with acid.
You resist.
* * * LOW HITPOINT WARNING * * *
You slash something! You bite something.
You hit the brown ugly thing but do no damage.
Something hits you!
* * * LOW HITPOINT WARNING * * *
Something bites you.
* * * LOW HITPOINT WARNING * * *
Something draws strength from your injuries!
The brown ugly thing trunk-slaps you.
You die...

#.........#.....#
#.........#.....#
#.........#.....#
#.........#.....#
#...[.....#.....#
#........['.....#
###########....##
...###....#..#.
.......@.......
......u{.......
............... ∆
...............
...............
...............
###############


You could see a brown ugly thing.

Vanquished Creatures
  Josephine (D:11)
  3 two-headed ogres
  2 cyclopes
  A gargoyle (D:10)
  2 unseen horrors
  3 kobold demonologists (D:11)
  2 komodo dragons
  A troll (D:10)
  A dream sheep (D:9)
  Sigmund (D:4)
  9 yaks
  A wyvern (D:9)
  4 wraiths (D:11)
  A basilisk (D:11)
  2 steam dragons (D:8)
  Edmund (D:4)
  2 acid dragons
  2 water moccasins
  A sky beast (D:8)
  3 orc warriors
  3 black bears
  4 ice beasts
  4 ogres
  4 centaurs
  5 kobold brigands
  Blork the orc (D:4)
  4 bullfrogs
  2 gnoll sergeants
  2 scorpions
  3 wights (D:9)
  3 killer bees (D:8)
  6 howler monkeys
  3 hounds
  3 orc priests (D:9)
  5 jellies
  3 sleepcaps
  Jessica (D:3)
  Ijyb (D:5)
  4 iguanas
  7 orc wizards
  Natasha (thrice) (D:4)
  Terence (D:3)
  6 gnolls
  9 adders
  3 shadow imps
  3 white imps
  2 worms
  5 dart slugs
  30 orcs
  7 endoplasms
  4 giant cockroaches
  13 hobgoblins
  6 jackals
  4 quokkas
  4 ball pythons
  8 bats
  A frilled lizard (D:1)
  2 goblins (D:2)
  23 kobolds
  5 rats
250 creatures vanquished.

Vanquished Creatures (others)
  A kobold (D:8)
1 creature vanquished.

Grand Total: 251 creatures vanquished

Notes
Turn   | Place    | Note
-------+----------+-------------------------------------------
     0 | D:1      | lessens the Gnoll Gladiator began the quest for the Orb.
     0 | D:1      | Reached XP level 1. HP: 20/20 MP: 1/1
     7 | D:1      | Noticed a komodo dragon
     7 | D:1      | Noticed a hound
     8 | D:1      | Noticed a killer bee
     8 | D:1      | Noticed a water moccasin
    58 | D:1      | Reached XP level 2. HP: 26/26 MP: 2/2
   545 | D:1      | Reached XP level 3. HP: 28/31 MP: 3/3
   810 | D:2      | Reached skill level 1 in Invocations
   961 | D:2      | Found a faded altar of an unknown god.
   970 | D:2      | Prayed at the altar of an unknown god.
   970 | D:2      | Became a worshipper of Trog the Wrathful
   970 | D:2      | Reached * piety under Trog
  1072 | D:2      | Reached skill level 1 in Short Blades
  1072 | D:2      | Reached skill level 1 in Long Blades
  1072 | D:2      | Reached skill level 1 in Maces & Flails
  1072 | D:2      | Reached skill level 1 in Polearms
  1072 | D:2      | Reached skill level 1 in Staves
  1072 | D:2      | Reached skill level 1 in Ranged Weapons
  1072 | D:2      | Reached skill level 1 in Armour
  1072 | D:2      | Reached skill level 1 in Stealth
  1072 | D:2      | Reached skill level 1 in Shields
  1072 | D:2      | Reached skill level 1 in Unarmed Combat
  1072 | D:2      | Reached skill level 1 in Spellcasting
  1072 | D:2      | Reached skill level 1 in Evocations
  1400 | D:3      | Noticed Jessica
  1408 | D:3      | Killed Jessica
  1409 | D:3      | Reached skill level 1 in Shapeshifting
  1409 | D:3      | Reached XP level 4. HP: 35/38 MP: 5/5
  1472 | D:3      | Noticed Terence
  1482 | D:3      | Killed Terence
  1483 | D:3      | Reached skill level 1 in Conjurations
  1483 | D:3      | Reached skill level 1 in Hexes
  1483 | D:3      | Reached skill level 1 in Summonings
  1483 | D:3      | Reached skill level 1 in Necromancy
  1483 | D:3      | Reached skill level 1 in Translocations
  1483 | D:3      | Reached skill level 1 in Transmutations
  1483 | D:3      | Reached skill level 1 in Fire Magic
  1483 | D:3      | Reached skill level 1 in Ice Magic
  1483 | D:3      | Reached skill level 1 in Air Magic
  1483 | D:3      | Reached skill level 1 in Earth Magic
  1483 | D:3      | Reached skill level 1 in Poison Magic
  1649 | D:3      | Reached XP level 5. HP: 43/43 MP: 6/6
  2173 | D:3      | Reached ** piety under Trog
  2214 | D:3      | Reached XP level 6. HP: 50/50 MP: 8/8
  2617 | D:4      | Noticed Blork the orc
  2619 | D:4      | Noticed Natasha
  2624 | D:4      | Killed Natasha
  2625 | D:4      | Reached skill level 5 in Fighting
  2625 | D:4      | Reached skill level 5 in Throwing
  2626 | D:4      | Killed Blork the orc
  2668 | D:4      | Reached XP level 7. HP: 23/56 MP: 10/10
  2778 | D:4      | Noticed Sigmund
  3150 | D:4      | Noticed Edmund
  3168 | D:4      | Killed Edmund
  3209 | D:4      | Found a staircase to the Ecumenical Temple.
  3286 | D:4      | Noticed Natasha
  3290 | D:4      | Found a burning altar of Makhleb.
  3295 | D:4      | Reached XP level 8. HP: 42/63 MP: 12/12
  3302 | D:4      | Killed Natasha
  3318 | D:4      | Noticed Natasha
  3433 | D:4      | Killed Natasha
  3659 | D:4      | Killed Sigmund
  3746 | D:4      | Reached *** piety under Trog
  3825 | D:4      | Found Dovoc's Jewellery Boutique.
  4018 | D:5      | Entered Level 5 of the Dungeon
  4180 | D:5      | Noticed Ijyb
  4195 | D:5      | Killed Ijyb
  4788 | D:5      | Found a sacrificial altar of Ru.
  4826 | D:5      | Killed an unseen horror
  4827 | D:5      | Reached XP level 9. HP: 59/69 MP: 13/15
  5441 | D:6      | Found an ornate altar of the Wu Jian Council.
  5554 | D:6      | Reached skill level 5 in Unarmed Combat
  6606 | D:7      | Reached skill level 5 in Polearms
  6606 | D:7      | Reached skill level 5 in Invocations
  6675 | D:7      | Reached XP level 10. HP: 42/77 MP: 17/17
  6681 | D:7      | Reached skill level 5 in Short Blades
  6681 | D:7      | Reached skill level 5 in Long Blades
  6681 | D:7      | Reached skill level 5 in Maces & Flails
  6681 | D:7      | Reached skill level 5 in Staves
  6681 | D:7      | Reached skill level 5 in Ranged Weapons
  6681 | D:7      | Reached skill level 5 in Armour
  6681 | D:7      | Reached skill level 5 in Stealth
  6681 | D:7      | Reached skill level 5 in Shields
  6681 | D:7      | Reached skill level 5 in Spellcasting
  6681 | D:7      | Reached skill level 5 in Evocations
  6986 | D:7      | Reached **** piety under Trog
  8256 | D:8      | Found a bloodstained altar of Trog.
  8330 | D:8      | You fall into a shaft and drop 2 floors!
  8330 | D:10     | Entered Level 10 of the Dungeon
  8619 | D:8      | Reached ***** piety under Trog
  8636 | D:8      | Identified the +6 ring mail of Infinity {rElec rCorr Int-3
                  | Dex+4}
  8868 | D:8      | Reached skill level 5 in Shapeshifting
  9455 | D:9      | Killed an unseen horror
  9489 | D:9      | Reached XP level 11. HP: 84/84 MP: 19/19
  9675 | D:9      | Noticed a cyclops
  9693 | D:9      | Killed a cyclops
  9694 | D:9      | Reached skill level 5 in Conjurations
  9694 | D:9      | Reached skill level 5 in Hexes
  9694 | D:9      | Reached skill level 5 in Summonings
  9694 | D:9      | Reached skill level 5 in Necromancy
  9694 | D:9      | Reached skill level 5 in Translocations
  9694 | D:9      | Reached skill level 5 in Transmutations
  9694 | D:9      | Reached skill level 5 in Fire Magic
  9694 | D:9      | Reached skill level 5 in Ice Magic
  9694 | D:9      | Reached skill level 5 in Air Magic
  9694 | D:9      | Reached skill level 5 in Earth Magic
  9694 | D:9      | Reached skill level 5 in Poison Magic
  9704 | D:9      | Noticed a deep elf pyromancer
  9705 | D:9      | a deep elf pyromancer changed into a dream sheep
  9967 | D:9      | Found a staircase to the Lair.
 10226 | D:10     | Found Uskiofasm's Book Emporium.
 10362 | D:10     | Found an opulent altar of Gozag.
 10428 | D:10     | Noticed a two-headed ogre
 10456 | D:10     | Killed a two-headed ogre
 10512 | D:10     | Found a faded altar of an unknown god.
 10546 | D:10     | Found a hide-covered altar of Uskayaw.
 10937 | D:11     | Noticed a two-headed ogre
 10943 | D:11     | Killed a two-headed ogre
 11014 | D:11     | Noticed a two-headed ogre
 11025 | D:11     | Killed a two-headed ogre
 11477 | D:11     | Noticed a cyclops
 11491 | D:11     | Killed a cyclops
 11604 | D:11     | Noticed Josephine
 11612 | D:11     | Killed Josephine
 11617 | D:11     | Reached XP level 12. HP: 70/94 MP: 22/22
 11880 | D:11     | Slain by a brown ugly thing

Illustrated notes

Levels and vault maps discovered:
D:1:      onia_arrival_zoo_common, layout_basic
D:2:      layout_rooms, shapermc_ecumenical_altar_notcrosses
D:3:      minmay_chambers_of_threes, layout_basic, item_on_display_a,
          uniq_terence, uniq_jessica
D:4:      layout_basic, mainiacjoe_overflow_small_starburst,
          minmay_temple_entry_glass, serial_shops, shop, minmay_manual_mares,
          uniq_blork_the_orc, uniq_sigmund, uniq_edmund, uniq_natasha
D:5:      layout_cave_pools, hangedman_ru_absence, mrwooster_statue_mirror,
          hangedman_decor_growths, minmay_manual_macuahuitl, uniq_ijyb
D:6:      layout_gridville, nicolae_overflow_crystal_walls,
          kennysheep_generic_room_15
D:7:      layout_basic
D:8:      layout_cave_pools, trog_hazing_becter, st_stairs_1
D:9:      layout_basic, lair_entry_dummy, amcnicky_mini_corridor_feature,
          hangedman_corner_corridor
D:10:     layout_cave_pools, mainiacjoe_overflow_tiny_flanked,
          grunt_gozag_breadcrumbs, serial_column_ruins,
          column_ruins_temple_circle, column_ruins_hut, column_ruins_open_tiny,
          column_ruins_grid_1, column_ruins_grid_1, column_ruins_open_tiny,
          column_ruins_corridor_corner, column_ruins_grid_1, serial_shops, shop,
          enter_bailey_2
D:11:     layout_gridville, minmay_misc_feat_plants, uniq_josephine

Skill      XL: |  1  2  3  4  5  6  7  8  9 10 11 |
---------------+----------------------------------+-----
Invocations    | 1 2 3 4 5 6 7 |  7.6
Short Blades   | 1 2 4 5 6 |  6.9
Long Blades    | 1 2 4 5 6 |  6.9
Maces & Flails | 1 2 4 5 6 |  6.9
Polearms       | 1 2 4 5 7 9 |  9.0
Staves         | 1 2 4 5 6 |  6.9
Ranged Weapons | 1 2 4 5 6 |  6.9
Armour         | 1 2 4 5 6 |  6.9
Stealth        | 1 2 4 5 6 |  6.9
Shields        | 1 2 4 5 6 |  6.9
Unarmed Combat | 1 2 4 6 7 9 |  9.3
Spellcasting   | 1 2 4 5 6 |  6.9
Evocations     | 1 2 4 5 6 |  6.9
Shapeshifting  | 1 2 3 4 5 6 |  6.3
Conjurations   | 1 2 3 4 5 |  5.7
Hexes          | 1 2 3 4 5 |  5.7
Summonings     | 1 2 3 4 5 |  5.7
Necromancy     | 1 2 3 4 5 |  5.7
Translocations | 1 2 3 4 5 |  5.7
Transmutations | 1 2 3 4 5 |  5.7
Fire Magic     | 1 2 3 4 5 |  5.7
Ice Magic      | 1 2 3 4 5 |  5.7
Air Magic      | 1 2 3 4 5 |  5.7
Earth Magic    | 1 2 3 4 5 |  5.7
Poison Magic   | 1 2 3 4 5 |  5.7
Fighting       | 5 6 7 8 |  8.4
Throwing       | 5 6 7 8 |  8.4
Axes           | 7 8 9 |  9.6
Dodging        | 7 8 9 |  9.6

Action                     |  1- 3 |  4- 6 |  7- 9 | 10-12 || total
---------------------------+-------+-------+-------+-------++-------
  Melee: War axe           |   125 |   106 |   313 |   317 ||   861
         Bite              |     8 |    13 |    48 |    28 ||    97
         Punch             |     3 |       |       |       ||     3
  Throw: Dart              |     2 |     8 |    37 |    31 ||    78
         Javelin           |     1 |       |       |       ||     1
         Throwing net      |       |       |     6 |       ||     6
         Boomerang         |       |       |    12 |     9 ||    21
 Invoke: Berserk           |       |     1 |     2 |     7 ||    10
  Evoke: Wand              |       |       |     4 |     4 ||     8
    Use: Potion            |       |       |     1 |     1 ||     2
         Scroll            |       |       |       |    10 ||    10
   Stab: Sleeping          |     1 |       |       |     2 ||     3
         Held in net/web   |       |       |     2 |       ||     2
         Paralysed         |       |       |     9 |       ||     9
         Distracted        |       |       |       |     1 ||     1
 Armour: Leather armour    |    10 |       |       |       ||    10
         Ring mail         |    62 |     4 |       |   163 ||   229
         Scale mail        |       |   102 |   192 |   107 ||   401
  Dodge: Dodged            |    89 |    67 |   113 |   235 ||   504
  Block: Kite shield       |       |    47 |   122 |   230 ||   399

Table legend: (Time is in decaauts)
 A = Elapsed time spent in this place.
 B = Non-inter-level travel time spent in this place.
 C = Inter-level travel time spent in this place.
 D = Time resting spent in this place.
 E = Time spent auto-exploring this place.
 F = Levels seen in this place.
 G = Mean time per level.
                   A        B        C        D        E       F      G
               +--------+--------+--------+--------+--------+-----+--------+
         Total |  12288 |  11770 |    518 |    850 |   8358 |  11 | 1117.1 |
       Dungeon |  12288 |  11770 |    518 |    850 |   8358 |  11 | 1117.1 |
               +--------+--------+--------+--------+--------+-----+--------+

Top non-repeatable levels by time:
     D:6: 1563 daAuts
     D:3: 1341 daAuts
     D:8: 1337 daAuts
     D:4: 1313 daAuts
     D:7: 1259 daAuts
     D:5: 1111 daAuts
    D:11: 1037 daAuts
     D:9: 944 daAuts
    D:10: 910 daAuts
     D:1: 793 daAuts
     D:2: 676 daAuts

Levels and vault maps discovered:
D:1:      onia_arrival_zoo_common, layout_basic
D:2:      layout_rooms, shapermc_ecumenical_altar_notcrosses
D:3:      minmay_chambers_of_threes, layout_basic, item_on_display_a,
          uniq_terence, uniq_jessica
D:4:      layout_basic, mainiacjoe_overflow_small_starburst,
          minmay_temple_entry_glass, serial_shops, shop, minmay_manual_mares,
          uniq_blork_the_orc, uniq_sigmund, uniq_edmund, uniq_natasha
D:5:      layout_cave_pools, hangedman_ru_absence, mrwooster_statue_mirror,
          hangedman_decor_growths, minmay_manual_macuahuitl, uniq_ijyb
D:6:      layout_gridville, nicolae_overflow_crystal_walls,
          kennysheep_generic_room_15
D:7:      layout_basic
D:8:      layout_cave_pools, trog_hazing_becter, st_stairs_1
D:9:      layout_basic, lair_entry_dummy, amcnicky_mini_corridor_feature,
          hangedman_corner_corridor
D:10:     layout_cave_pools, mainiacjoe_overflow_tiny_flanked,
          grunt_gozag_breadcrumbs, serial_column_ruins,
          column_ruins_temple_circle, column_ruins_hut, column_ruins_open_tiny,
          column_ruins_grid_1, column_ruins_grid_1, column_ruins_open_tiny,
          column_ruins_corridor_corner, column_ruins_grid_1, serial_shops, shop,
          enter_bailey_2
D:11:     layout_gridville, minmay_misc_feat_plants, uniq_josephine
